Map: Zen LE

Players

ViBE - Winner!

  • Race: Terran Terran
  • League: Diamond
  • Spawn Location: 1:00

FatalisK

  • Race: Zerg Zerg
  • League: Diamond
  • Spawn Location: 7:00

VOD

Have the link to the VOD?

Description

Time

  • Played on: Dec. 17, 2019, 8:34 p.m.
  • Length: 16:14
Show
View Real Time Build Order
Export as new Build Order

ViBE Terran - Winner!

Build Orders: 2 Factory, Hellion Opening, Mech 

Get SALT Encoding   

  12  0:00  SCV  
  13  0:12  SCV  
  14  0:19  Supply Depot  
  14  0:25  SCV  
  15  0:40  SCV  
  15  0:41  Barracks  
  16  0:52  SCV, Refinery  
  17  1:05  SCV  
  18  1:17  SCV  
  19  1:31  Orbital Command  
  19  1:40  Command Center  
  19  2:01  Supply Depot  
  19  2:02  SCV  
  19  2:06  Factory  
  20  2:12  Refinery  
  20  2:16  SCV  
  20  2:21  Barracks Reactor  
  21  2:28  SCV  
  22  2:40  SCV  
  23  2:52  SCV  
  23  2:54  Factory  
  24  3:02  Orbital Command  
  24  3:04  Hellion x2  
  28  3:07  Barracks Tech Lab  
  28  3:12  Supply Depot  
  28  3:13  SCV  
  29  3:25  SCV  
  29  3:26  Hellion x2  
  34  3:30  SCV  
  35  3:37  SCV  
  36  3:43  SCV  
  36  3:45  Hellion  
  36  3:48  Hellion x2  
  43  3:49  SCV  
  43  3:55  SCV  
  45  4:02  SCV  
  46  4:04  Command Center  
  46  4:08  SCV  
  47  4:14  SCV  
  48  4:20  SCV, Cyclone  
  48  4:21  Hellion  
  54  4:27  Supply Depot  
  54  4:29  SCV, Hellion  
  57  4:34  Supply Depot x2  
  51  4:45  Hellion  
  51  4:48  SCV  
  51  4:49  SCV  
  51  4:50  Hellion  
  51  4:52  Cyclone  
  58  5:00  Mag-Field Accelerator  
  58  5:05  SCV x2  
  60  5:12  Factory, Refinery  
  60  5:13  Refinery  
  60  5:15  Orbital Command  
  60  5:18  Hellion x2  
  64  5:30  SCV x2  
  64  5:31  Cyclone  
  69  5:40  Command Center  
  69  5:45  SCV x2  
  69  5:46  SCV  
  72  5:57  SCV  
  72  5:58  SCV x2  
  72  5:59  Hellion x2  
  72  6:03  Cyclone  
  82  6:10  SCV  
  82  6:11  SCV x2  
  83  6:20  Hellion x2  
  83  6:22  SCV  
  86  6:35  SCV, Cyclone  
  86  6:36  SCV x2  
  88  6:41  Hellion  
  88  6:42  Hellion  
  88  6:45  Supply Depot x2  
  88  6:46  Factory Tech Lab  
  92  6:47  Supply Depot  
  92  6:55  SCV x2  
  94  7:03  Armory  
  94  7:04  Orbital Command  
  94  7:05  Armory  
  94  7:06  Engineering Bay  
  94  7:07  Cyclone  
  97  7:09  Cyclone  
  97  7:10  Infernal Pre-Igniter  
  100  7:18  SCV, Hellion x2  
  100  7:19  SCV  
  106  7:30  SCV  
  106  7:31  SCV  
  108  7:39  Cyclone  
  108  7:41  Cyclone  
  108  7:44  Refinery  
  114  7:45  Refinery  
  114  7:46  Planetary Fortress  
  114  7:51  Command Center  
  114  7:55  SCV x3  
  117  8:05  Hellion x2  
  121  8:07  SCV x2  
  121  8:08  SCV  
  121  8:11  Cyclone  
  127  8:13  Cyclone  
  127  8:16  Supply Depot x3, Terran Vehicle Weapons Level 1  
  127  8:17  Terran Vehicle And Ship Armor Level 1  
  130  8:26  Hellion x2  
  130  8:27  SCV x4  
  138  8:38  Missile Turret  
  138  8:39  Missile Turret  
  138  8:41  Missile Turret x2  
  138  8:42  Missile Turret  
  138  8:43  Missile Turret, Cyclone  
  138  8:45  Missile Turret x2, Cyclone  
  138  8:48  Missile Turret  
  144  8:51  Hellion  
  144  8:52  Hellion  
  148  8:56  Missile Turret  
  148  9:02  Neosteel Armor  
  148  9:15  Thor  
  154  9:17  Thor, Missile Turret  
  154  9:18  SCV x3  
  163  9:25  SCV  
  163  9:30  SCV x3  
  167  9:33  Factory  
  167  9:34  Factory x2  
  167  9:37  SCV  
  168  9:40  Missile Turret  
  168  9:41  Refinery  
  168  9:51  Planetary Fortress  
  166  9:55  Missile Turret  
  166  9:57  SCV x2  
  166  9:58  SCV x2, Thor  
  176  10:01  Refinery  
  176  10:06  Supply Depot x2  
  176  10:08  Supply Depot  
  176  10:11  Terran Vehicle Weapons Level 2  
  176  10:12  Terran Vehicle And Ship Armor Level 2  
  176  10:15  Missile Turret  
  176  10:23  Factory Reactor, Factory Tech Lab x2  
  176  10:37  Missile Turret  
  176  10:38  Thor  
  176  10:40  Hellbat x2  
  176  10:41  Thor  
  192  10:43  Hi-Sec Auto Tracking  
  192  10:44  Thor  
  193  10:55  Thor  
  192  11:21  Thor  
  198  11:36  Hellbat  
  193  11:48  Factory  
  193  11:49  Factory  
  193  11:53  Factory x2  
  193  11:54  Factory  
  193  11:55  Factory  
  193  12:13  Refinery  
  193  12:17  Refinery  
  193  12:29  Command Center x2  
  193  12:32  Terran Vehicle Weapons Level 3, Terran Vehicle And Ship Armor Level 3, Command Center x2  
  193  12:33  Smart Servos  
  193  12:34  Command Center  
  193  12:37  Command Center  
  193  12:59  Factory Reactor  
  193  13:00  Factory Reactor, Factory Tech Lab  
  193  13:01  Factory Tech Lab x3  
  187  13:07  Thor x4  
  187  13:10  Hellbat x2  
  187  13:11  Hellbat x2  
  166  13:19  Thor x2  
  169  13:21  Thor  
  175  13:48  Thor  
  175  13:49  Hellbat  
  175  13:50  Hellbat x7  
  175  13:51  Hellbat  
  199  13:56  SCV  
  194  14:25  Thor  
  194  14:31  Thor x5  
  194  14:57  Planetary Fortress  
  194  14:58  Orbital Command x5  
  190  15:01  Thor x2  
  186  15:11  Factory x3  
  186  15:12  Factory  
  184  15:15  Factory  
  184  15:19  Thor x3  
  198  15:30  Sensor Tower  
  198  15:40  Unknown  
Show
View Real Time Build Order
Export as new Build Order

FatalisK Zerg 

Build Orders: Hatch First 

Get SALT Encoding   

  12  0:01  Drone  
  13  0:09  Drone  
  14  0:19  Overlord  
  14  0:43  Drone x3  
  17  0:54  Hatchery  
  16  1:10  Spawning Pool  
  15  1:13  Extractor  
  14  1:21  Drone  
  14  1:22  Drone x2  
  17  1:33  Overlord  
  17  1:50  Drone  
  18  2:04  Queen  
  18  2:05  Drone  
  18  2:06  Queen  
  23  2:10  Overlord  
  23  2:20  Metabolic Boost  
  23  2:24  Drone  
  23  2:28  Drone  
  25  2:32  Drone  
  25  2:33  Drone  
  27  2:52  Drone  
  27  2:53  Drone x2  
  30  3:01  Hatchery  
  29  3:10  Queen  
  31  3:15  Drone x2  
  31  3:18  Drone  
  34  3:23  Zergling x6  
  37  3:27  Drone  
  37  3:29  Drone  
  39  3:35  Overlord  
  39  3:40  Lair  
  39  3:45  Extractor  
  39  3:46  Drone  
  39  3:47  Drone x2  
  41  3:54  Queen  
  43  3:56  Drone  
  44  4:03  Zergling x6  
  44  4:04  Zergling x2  
  44  4:09  Drone x3  
  49  4:21  Zergling x4  
  49  4:22  Queen  
  52  4:34  Drone  
  52  4:35  Drone  
  52  4:42  Drone x2  
  52  4:43  Drone  
  52  4:44  Drone x2  
  57  4:48  Spire  
  57  4:50  Baneling Nest  
  57  4:51  Drone x2  
  57  5:04  Drone  
  58  5:14  Overseer  
  58  5:17  Overlord x2  
  58  5:19  Overseer  
  58  5:20  Overlord x2  
  57  5:32  Queen  
  57  5:33  Spine Crawler  
  57  5:34  Queen  
  57  5:35  Spine Crawler  
  59  5:41  Zergling x8  
  63  5:43  Drone x6  
  60  6:19  Queen  
  60  6:20  Mutalisk x2  
  60  6:21  Mutalisk x2  
  69  6:33  Mutalisk  
  69  6:38  Extractor, Queen  
  69  6:39  Extractor  
  71  6:42  Overlord x2  
  71  6:43  Drone  
  71  6:44  Drone x5  
  77  6:49  Drone  
  77  6:52  Extractor  
  77  6:53  Extractor, Drone  
  77  6:55  Queen  
  77  6:56  Drone  
  77  6:57  Drone  
  81  7:09  Mutalisk x2  
  81  7:12  Drone  
  86  7:32  Hatchery x2  
  84  7:37  Mutalisk  
  84  7:41  Mutalisk  
  88  7:47  Drone x4  
  88  7:48  Zergling x8  
  88  7:49  Zergling x4  
  98  8:24  Overlord x3  
  92  8:36  Overlord x2  
  92  8:49  Drone x5  
  92  8:53  Roach Warren  
  92  8:54  Hatchery  
  92  8:55  Queen  
  95  8:56  Drone  
  95  8:57  Drone x4  
  95  8:58  Drone x4  
  106  9:09  Mutalisk x5  
  116  9:17  Hatchery  
  115  9:28  Overseer x3  
  115  9:34  Roach x3  
  115  9:35  Roach x7  
  135  9:47  Overlord x2  
  135  9:48  Overlord x2  
  136  10:07  Drone x4  
  101  10:59  Roach x7  
  101  11:00  Roach x5  
  101  11:01  Roach x7  
  101  11:02  Roach x2  
  137  11:06  Roach  
  135  11:13  Extractor  
  135  11:15  Roach x4  
  142  11:22  Glial Reconstitution  
  142  11:24  Ravager x3  
  142  11:25  Ravager x3  
  119  11:53  Roach x8  
  119  11:54  Roach x3  
  141  11:55  Overlord x3  
  141  12:01  Drone x2, Infestation Pit  
  142  12:13  Queen  
  144  12:19  Ravager x2  
  144  12:20  Ravager x6  
  144  12:21  Ravager x4  
  156  12:27  Roach x5  
  166  12:50  Overseer x2  
  166  12:55  Overlord x3  
  166  13:02  Queen  
  134  13:19  Roach x4  
  103  13:20  Roach x5  
  103  13:26  Roach x3  
  103  13:27  Roach x5  
  106  13:31  Roach x6  
  106  13:32  Roach x2  
  128  13:37  Ravager x4  
  128  13:39  Roach  
  128  13:42  Ravager  
  128  13:45  Roach x3  
  128  13:46  Roach  
  137  13:49  Ravager x4  
  137  13:50  Ravager x6  
  147  13:58  Evolution Chamber  
  147  13:59  Hatchery  
  147  14:00  Roach x4, Evolution Chamber  
  147  14:02  Hive  
  152  14:03  Roach x2  
  156  14:13  Roach x2  
  113  14:37  Roach  
  113  14:38  Roach x8  
  129  14:39  Roach x3  
  129  14:45  Ravager x5  
  141  14:46  Ravager x2  
  141  14:52  Roach x4  
  152  14:53  Roach  
  147  15:03  Roach  
  147  15:05  Roach  
  147  15:06  Roach x2  
  123  15:09  Roach  
  98  15:22  Roach x3  
  98  15:23  Roach x3  
  98  15:24  Roach x3  
Tags
 
Add a new tag
Caveats
  • Supply blocks, unpowered buildings, or Contaminate may cause inaccurate times.
  • Supply counts are checked every 10 seconds.